 Seeded DCSS version 0.29.1-2-gbd0b4ee654 (webtiles) character file.

Game seed: 20221101 (custom seed)

378 retardedninja the Chopper (level 6, -3/53 HPs)
             Began as a Hill Orc Fighter on Nov 1, 2022.
             Slain by a troll (9 damage)
             ... on level 5 of the Dungeon.
             The game lasted 00:06:45 (4124 turns).

retardedninja the Chopper (Hill Orc Fighter)        Turns: 4124, Time: 00:06:45

Health: -3/53      AC: 10    Str: 19 (21) XL:     6   Next: 74%
Magic:  6/6        EV:  9    Int:  6 (8)  God:
Gold:   170        SH:  4    Dex:  6 (8)  Spells: 5/5 levels left

rFire   . . .      SeeInvis .   a - +0 war axe
rCold   . . .      Faith    .   c - +0 buckler
rNeg    . . .      Spirit   .   b - +0 scale mail
rPois   +          Reflect  .   (no helmet)
rElec   .          Harm     .   (no cloak)
rCorr   .          Rampage  .   (no gloves)
Will    +....                   t - +2 pair of boots
Stlth   ..........              (no amulet)
HPRegen 0.17/turn               (no ring)
MPRegen 0.10/turn               (no ring)

@: no status effects
A: clumsy 1, strong-willed 1, sense surroundings 1, poison resistance
a: no special abilities


You were on level 5 of the Dungeon.
You visited 1 branch of the dungeon, and saw 5 of its levels.

You collected 170 gold pieces.

Inventory:

Hand Weapons
 a - a +0 war axe (weapon)
Missiles
 f - 9 javelins (quivered)
 s - 2 throwing nets
Armour
 b - a +0 scale mail (worn)
 c - a +0 buckler (worn)
 t - a +2 pair of boots (worn)
Jewellery
 n - an amulet of magic regeneration
 w - a ring of willpower
Scrolls
 g - 2 scrolls of identify {unknown}
 i - 3 scrolls of teleportation {unknown}
 j - a scroll of amnesia {unknown}
 k - a scroll of fear {unknown}
 m - a scroll of silence {unknown}
 o - 5 scrolls of enchant armour {unknown}
 p - a scroll of torment {unknown}
 q - a scroll of vulnerability {unknown}
 u - a scroll of acquirement {unknown}
 x - 2 scrolls of noise {unknown}
Potions
 h - 2 potions of brilliance
 l - a potion of experience {unknown}


   Skills:
 + Level 4.4 Fighting
 + Level 5.5 Axes
 + Level 2.4 Throwing
 + Level 4.5 Armour
 + Level 0.6 Dodging
 + Level 0.4 Stealth
 + Level 4.2 Shields


You had 5 spell levels left.
You didn't know any spells.
Your spell library contained the following spells:

 Spells                   Type           Power      Damage    Failure   Level
 Ozocubu's Armour         Ice            0%         N/A       99%         3
 Malign Gateway           Summ/Tloc      0%         N/A       100%        7
 Ozocubu's Refrigeration  Ice            0%         4d7       100%        7
 Summon Horrible Things   Summ           0%         N/A       100%        8


Dungeon Overview and Level Annotations

Branches:
Dungeon (5/15)
 Temple: D:4-7

Altars:
Nemelex Xobeh


Innate Abilities, Weirdness & Mutations

You are clumsy. (Dex -2)
You are strong-willed. (Will+)
You passively map a small area around you.
Your system is resistant to poisons. (rPois)


Message History

The troll claws you!
You slash the troll!
The troll is moderately wounded.
You block the troll's attack. The troll claws you.
The troll completely misses you.
You hit the troll but do no damage.
The troll is moderately wounded.
The troll bites you but does no damage. The troll barely misses you.
The troll claws you. The troll bites you. You block the troll's attack.
The troll claws you but does no damage.
You hit the troll but do no damage.
The troll is lightly wounded.
The troll bites you. The troll barely misses you. The troll closely misses you.
You closely miss the troll.
The troll is lightly wounded.
The troll bites you! The troll claws you!
* * * LOW HITPOINT WARNING * * *
The troll barely misses you.
You slash the troll!
The troll is heavily wounded.
The troll bites you but does no damage. The troll claws you!
* * * LOW HITPOINT WARNING * * *
The troll claws you but does no damage.
You feel better. The troll bites you but does no damage. The troll claws you.
* * * LOW HITPOINT WARNING * * *
The troll claws you.
* * * LOW HITPOINT WARNING * * *
It was a potion of mutation.
You feel extremely strange.
You feel a strange attunement to the structure of the dungeons.
You feel resistant to poisons.
You feel clumsy.
You feel strong-willed. The troll barely misses you. x3
It was a potion of degeneration.
There was something very wrong with that liquid.
You feel weakened.
You feel dopey.
You feel clumsy. The troll bites you.
* * * LOW HITPOINT WARNING * * *
The troll claws you.
* * * LOW HITPOINT WARNING * * *
The troll claws you!
You die...

#### #
########## #..
.# #........#
#.. ...
#.######.# #.#
... * *
#.#......# #.#
..,,,
#.#.###..###T#.#
, #.# *
#.....@..# , #.#
##..###...<....,
#.# .....#
#######.#
#.###.##.#
#........#
##.......# * ##
#.......## *
.#####........#
, *
..............#
, , *


You could see a troll.

Vanquished Creatures
  An ice beast (D:4)
  A scorpion (D:4)
  A jelly (D:5)
  A gnoll bouda (D:5)
  Jessica (D:3)
  An iguana (D:3)
  5 gnolls (D:5)
  2 adders
  A worm (D:4)
  2 orcs
  6 ball pythons
  2 bats
  8 endoplasms
  5 giant cockroaches
  5 goblins
  7 hobgoblins
  A quokka (D:2)
  2 frilled lizards
  10 kobolds
  2 rats
64 creatures vanquished.

Notes
Turn   | Place    | Note
-------+----------+-------------------------------------------
     0 | D:1      | retardedninja the Hill Orc Fighter began the quest for the
                  | Orb.
     0 | D:1      | Reached XP level 1. HP: 19/19 MP: 1/1
    40 | D:1      | Reached XP level 2. HP: 26/27 MP: 2/2
   933 | D:2      | Reached skill level 3 in Axes
   933 | D:2      | Reached XP level 3. HP: 33/33 MP: 3/3
   961 | D:2      | Noticed a golden eye
   966 | D:2      | Found a faded altar of an unknown god.
   968 | D:2      | Noticed a shining eye
   968 | D:2      | Noticed a golden eye
   968 | D:2      | Noticed a great orb of eyes
  1349 | D:3      | Noticed Jessica
  1353 | D:3      | Killed Jessica
  1354 | D:3      | Reached skill level 1 in Throwing
  1354 | D:3      | Reached XP level 4. HP: 39/40 MP: 4/4
  2273 | D:4      | Noticed a scorpion
  2276 | D:4      | Reached skill level 4 in Axes
  2282 | D:4      | Killed a scorpion
  2283 | D:4      | Reached XP level 5. HP: 20/46 MP: 5/5
  3127 | D:4      | Identified the +0 robe of Baldness {Rampage Str+3 Int+10
                  | Stlth-}
  3348 | D:4      | Found a sparkling altar of Nemelex Xobeh.
  3389 | D:4      | Noticed an ice beast
  3399 | D:4      | Killed an ice beast
  3400 | D:4      | Reached XP level 6. HP: 53/53 MP: 6/6
  3765 | D:5      | Entered Level 5 of the Dungeon
  3812 | D:5      | Reached skill level 5 in Axes
  4114 | D:5      | Noticed a troll
  4123 | D:5      | Gained mutation: You passively map a small area around you.
                  | [potion of mutation]
  4123 | D:5      | Gained mutation: Your system is resistant to poisons.
                  | (rPois) [potion of mutation]
  4123 | D:5      | Gained mutation: You are clumsy. (Dex -2) [potion of
                  | mutation]
  4123 | D:5      | Gained mutation: You are strong-willed. (Will+) [potion of
                  | mutation]
  4124 | D:5      | Slain by a troll

Illustrated notes

Levels and vault maps discovered:
D:1:      psy_arrival_dodecagon, layout_basic
D:2:      layout_rooms, hellmonk_ecumenical_altar_watching_god, minivault_14
D:3:      layout_loops_ring, uniq_jessica
D:4:      layout_layer_cave, mainiacjoe_overflow_brackets
D:5:      layout_loops_corners, gammafunk_ghost_necromancy

Skill      XL: |  1  2  3  4  5  6 |
---------------+-------------------+-----
Axes           | 3 4 5 |  5.5
Shields        | 4 |  4.2
Fighting       | 4 |  4.4
Throwing       | 1 2 |  2.4
Armour         | 4 |  4.5
Dodging        | |  0.6
Stealth        | |  0.4

Action                   |  1- 3 |  4- 6 || total
-------------------------+-------+-------++-------
Melee: War axe           |    40 |   103 ||   143
Throw: Javelin           |    17 |    24 ||    41
  Use: Potion            |       |     9 ||     9
Armor: Scale mail        |    15 |    42 ||    57
       Skin              |       |    22 ||    22
Dodge: Dodged            |    21 |    57 ||    78
Block: Buckler           |     5 |    22 ||    27
